 Dungeon Crawl Stone Soup version 0.29-a0-839-g4793fd635e (webtiles) character file.

Game seed: 4853953154445878713

24 Ijustatesigmund the Firebug (level 3, -1/29 HPs)
             Began as a Hill Orc Fire Elementalist on July 14, 2022.
             Slain by an adder (3 damage)
             ... on level 2 of the Dungeon.
             The game lasted 00:01:56 (1334 turns).

Ijustatesigmund the Firebug (HOFE)                  Turns: 1334, Time: 00:01:57

Health: -1/29      AC:  3    Str: 10    XL:     3   Next: 2%
Magic:  0/5        EV: 12    Int: 17    God:
Gold:   61         SH:  0    Dex: 11    Spells: 2/5 levels left

rFire   + . .      SeeInvis .   c - +0 war axe
rCold   . . .      Faith    .   (no shield)
rNeg    . . .      Spirit   .   a - +1 robe
rPois   .          Reflect  .   (no helmet)
rElec   .          Harm     .   (no cloak)
rCorr   .          Rampage  .   (no gloves)
Will    .....                   (no boots)
Stlth   ++........              (no amulet)
HPRegen 0.09/turn               f - ring of protection from fire
MPRegen 0.09/turn               (no ring)

@: no status effects
A: no striking features
a: no special abilities


You were on level 2 of the Dungeon.
You visited 1 branch of the dungeon, and saw 2 of its levels.

You collected 61 gold pieces.

Inventory:

Hand Weapons
 c - a +0 war axe (weapon)
Missiles
 e - 2 javelins
Armour
 a - a +1 robe (worn)
Jewellery
 f - a ring of protection from fire (left hand)
Scrolls
 d - a scroll of fear {unknown}
Potions
 b - a potion of magic
 h - a potion of brilliance


   Skills:
 + Level 2.0 Fighting
 + Level 2.2 Axes
 - Level 1.5 Dodging
 - Level 1.5 Stealth
 - Level 1.5 Spellcasting
 - Level 1.0 Conjurations
 - Level 3.3 Fire Magic


You had 2 spell levels left.
You knew the following spells:

 Your Spells              Type           Power      Damage    Failure   Level
a - Foxfire               Conj/Fire      32%        2x1d5     9%          1
b - Scorch                Fire           24%        2d6       8%          2

Your spell library contained the following spells:

 Spells                   Type           Power      Damage    Failure   Level
 Magic Dart               Conj           16%        1d3       13%         1
 Call Imp                 Summ           1%         N/A       30%         2
 Conjure Flame            Conj/Fire      8%         6-21      26%         3
 Inner Flame              Hex/Fire       6%         N/A       30%         3
 Mephitic Cloud           Conj/Pois/Air  2%         N/A       47%         3
 Flame Wave               Conj/Fire      8%         2d5       63%         4


Dungeon Overview and Level Annotations

Branches:
Dungeon (2/15)

Altars:


Message History

The adder bites you but does no damage. The bat misses you.
The adder bites you.
Casting: Foxfire (safe; 10% risk of failure)
Confirm with . or Enter, or press ? or * to list all spells.
Flames lash the bat.
You kill the bat!
The adder barely misses you.
You have reached level 3!
Your experience leads to an increase in your attributes!
Increase (S)trength, (I)ntelligence, or (D)exterity?
You feel clever. x2
Casting: Scorch (safe; 8% risk of failure)
Confirm with . or Enter, or press ? or * to list all spells.
Flames lash the adder.
The adder is almost dead.
The adder's fire resistance burns away.
The adder bites you.
You are poisoned.
The adder poisons you! The adder bites you but does no damage.
* * * LOW HITPOINT WARNING * * *
You feel sick. The adder bites you but does no damage.
Okay, then.
You closely miss the adder.
The adder is severely wounded.
* * * LOW HITPOINT WARNING * * *
You feel sick. The adder misses you. The adder bites you but does no damage.
You miss the adder.
The adder is severely wounded.
You feel sick.
The adder is no longer more vulnerable to fire.
The adder barely misses you. The adder closely misses you.
You closely miss the adder.
The adder is severely wounded.
* * * LOW HITPOINT WARNING * * *
You feel sick. The adder barely misses you.
You closely miss the adder.
The adder is severely wounded.
You feel sick.
You are no longer poisoned.
The adder bites you.
You die...

### ... .......
....#..
.......#+#+###
..........$>.#
#.#..........# (.
#.#...S#.....#
...#.....†@.....#
...#....###.....###
#................#
.##..#............#
..................#
####+#......#....####
#...........#....#
#........#+##..###
#........#.##..#


You could see an adder.

Vanquished Creatures
  A dart slug (D:1)
  2 ball pythons
  2 giant cockroaches (D:1)
  A goblin (D:1)
  4 hobgoblins (D:1)
  2 quokkas (D:1)
  5 bats
  2 frilled lizards
  A kobold (D:1)
  A rat (D:1)
21 creatures vanquished.

Vanquished Creatures (others)
  32 foxfires (D:1)
32 creatures vanquished.

Grand Total: 53 creatures vanquished

Notes
Turn   | Place    | Note
-------+----------+-------------------------------------------
     0 | D:1      | Ijustatesigmund the Hill Orc Fire Elementalist began the
                  | quest for the Orb.
     0 | D:1      | Reached XP level 1. HP: 14/14 MP: 3/3
   121 | D:1      | Reached skill level 1 in Axes
   253 | D:1      | Reached skill level 1 in Fighting
   257 | D:1      | Reached XP level 2. HP: 23/23 MP: 0/4
   300 | D:1      | Learned a level 2 spell: Scorch
  1329 | D:2      | Reached XP level 3. HP: 12/29 MP: 2/5
  1334 | D:2      | Slain by an adder

Illustrated notes

Levels and vault maps discovered:
D:1:      spicycebolla_arrival_ecumenical, layout_rooms
D:2:      layout_basic, uniq_terence

Skill      XL: |  1  2 |
---------------+-------+-----
Axes           | 1 2 |  2.2
Fighting       | 1 2 |  2.0
Dodging        | |  1.5
Stealth        | |  1.5
Spellcasting   | |  1.5
Conjurations   | |  1.0
Fire Magic     | |  3.3

Action                   || total
-------------------------++-------
Melee: War axe           ||    39
 Cast: Foxfire           ||    20
       Scorch            ||     2
  Use: Scroll            ||     3
 Stab: Sleeping          ||     4
Armor: Robe              ||    13
Dodge: Dodged            ||    39

Table legend: (Time is in decaauts)
 A = Elapsed time spent in this place.
 B = Non-inter-level travel time spent in this place.
 C = Inter-level travel time spent in this place.
 D = Time resting spent in this place.
 E = Time spent auto-exploring this place.
 F = Levels seen in this place.
 G = Mean time per level.
                   A        B        C        D        E       F      G
               +--------+--------+--------+--------+--------+-----+--------+
         Total |   1348 |   1314 |     34 |    677 |    465 |   2 |  674.0 |
       Dungeon |   1348 |   1314 |     34 |    677 |    465 |   2 |  674.0 |
               +--------+--------+--------+--------+--------+-----+--------+

Top non-repeatable levels by time:
     D:1: 1206 daAuts
     D:2: 141 daAuts
